 Dungeon Crawl Stone Soup version 0.30-a0-305-g026cb31310 (webtiles) character file.

Game seed: 2182286448997583569

47 koil the Sneak (level 3, 0/18 HPs)
             Began as a Spriggan Brigand on Oct 22, 2022.
             Succumbed to an orc wizard's poison
             ... on level 2 of the Dungeon.
             The game lasted 00:03:11 (1217 turns).

koil the Sneak (Spriggan Brigand)                   Turns: 1217, Time: 00:03:12

Health: 0/18       AC:  3    Str:  7    XL:     3   Next: 48%
Magic:  6/6        EV: 17    Int: 14    God:
Gold:   119        SH:  0    Dex: 16    Spells: 4/4 levels left

rFire   . . .      SeeInvis +    a - +2 dagger
rCold   . . .      Faith    .    (no shield)
rNeg    . . .      Spirit   .    b - +0 robe
rPois   .          Reflect  .    (helmet restricted)
rElec   .          Harm     .    c - +0 cloak
rCorr   .          Rampage  .    (gloves unavailable)
Will    .....                    (boots unavailable)
Stlth   +++.......               (no amulet)
HPRegen 0.23/turn                (no ring)
MPRegen 0.10/turn                (no ring)

@: lethally poisoned (0 -> -11), very quick
A: very small, no large weapons, unfitting armour, see invisible, speed 3
a: no special abilities


You were on level 2 of the Dungeon.
You visited 1 branch of the dungeon, and saw 2 of its levels.

You collected 119 gold pieces.

Inventory:

Hand Weapons
 a - a +2 dagger (weapon)
Missiles
 d - 9 poisoned darts (quivered)
 e - 3 curare-tipped darts
Armour
 b - a +0 robe (worn)
 c - a +0 cloak (worn)
Magical Staves
 g - a staff of earth
Scrolls
 f - 3 scrolls of teleportation {unknown}
 h - a scroll of identify {unknown}
 j - a scroll of magic mapping {unknown}
 k - a scroll of enchant armour {unknown}
 m - 2 scrolls of immolation {unknown}
 o - a scroll of acquirement {unknown}
Potions
 i - a potion of ambrosia {unknown}
 l - a potion of flight {unknown}
 n - a potion of attraction {unknown}


   Skills:
 + Level 2.0 Fighting
 + Level 2.8 Short Blades
 - Level 2.0 Throwing
 + Level 2.3 Dodging
 + Level 6.3 Stealth
 + Level 1.4 Spellcasting


You had 4 spell levels left.
You didn't know any spells.
Your spell library was empty.

Dungeon Overview and Level Annotations

Branches:
Dungeon (2/15)

Altars:


Innate Abilities, Weirdness & Mutations

You are very small and have problems with some larger weapons.
You are too small for most types of armour.
You have supernaturally acute eyesight. (SInv)
You cover ground extremely quickly. (Speed+++)


Message History

The orc is severely wounded.
The orc barely misses you.
You hit the orc.
You kill the orc!
You hit the orc wizard but do no damage.
The orc wizard is almost dead.
The orc wizard completely misses you.
You closely miss the orc wizard.
The orc wizard is almost dead.
The orc wizard hits you with a +2 dagger of venom.
You closely miss the orc wizard.
The orc wizard is almost dead.
The orc wizard hits you with a +2 dagger of venom.
You are poisoned.
You closely miss the orc wizard.
The orc wizard is severely wounded.
You feel sick.
You hit the orc wizard.
The orc wizard is almost dead.
You feel sick. The orc wizard closely misses you.
You hit the orc wizard but do no damage.
The orc wizard is almost dead.
You feel sick. The orc wizard misses you.
You barely miss the orc wizard.
The orc wizard is almost dead.
You feel sick. The orc wizard closely misses you.
You hit the orc wizard.
The orc wizard is almost dead.
You feel sick.
The orc wizard hits you with a +2 dagger of venom.
* * * LOW HITPOINT WARNING * * *
You are lethally poisoned!
You closely miss the orc wizard.
The orc wizard is almost dead.
* * * LOW HITPOINT WARNING * * *
You feel very sick. The orc wizard closely misses you.
You hit the orc wizard.
You kill the orc wizard!
You die...

..... #.# ####.# ....#
#########.# #....# ##..#
#.........# #.#### ..(.#
#.######### #.#
#..(#######.# #.#
#........(.o## #.#
.............# #.#
############.############.#
#..†)@.........#
################


There were no monsters in sight!

Vanquished Creatures
  An orc wizard (D:2)
  2 adders (D:2)
  A worm (D:2)
  A dart slug (D:1)
  4 orcs (D:2)
  2 endoplasms
  2 giant cockroaches (D:2)
  A quokka (D:1)
  2 ball pythons (D:2)
  2 bats (D:2)
  2 frilled lizards (D:1)
  4 rats
24 creatures vanquished.

Notes
Turn   | Place    | Note
-------+----------+-------------------------------------------
     0 | D:1      | koil the Spriggan Brigand began the quest for the Orb.
     0 | D:1      | Reached XP level 1. HP: 10/10 MP: 2/2
   235 | D:1      | Reached skill level 6 in Stealth
   471 | D:1      | Reached XP level 2. HP: 15/15 MP: 3/3
   546 | D:2      | Reached skill level 1 in Spellcasting
   878 | D:2      | Reached XP level 3. HP: 18/18 MP: 5/5
  1217 | D:2      | Succumbed to an orc wizard's poison

Illustrated notes

Levels and vault maps discovered:
D:1:      reono_arrival_mine, layout_rooms, chequers_serial_rivers_micro_e,
          chequers_serial_rivers_micro_b, serial_bayou_lagoon_a,
          hangedman_feature_mirror
D:2:      layout_loops_ring, uniq_crazy_yiuf_cottage, uniq_robin, uniq_jessica

Skill      XL: |  1  2  3 |
---------------+----------+-----
Stealth        | 6 |  6.3
Spellcasting   | 1 |  1.4
Dodging        | 2 |  2.3
Fighting       | 2 |  2.0
Short Blades   | |  2.8
Throwing       | |  2.0

Action                   || total
-------------------------++-------
Melee: Dagger            ||    89
Throw: Dart              ||     4
 Stab: Sleeping          ||     9
Armor: Robe              ||     3
Dodge: Dodged            ||    48

Table legend: (Time is in decaauts)
 A = Elapsed time spent in this place.
 B = Non-inter-level travel time spent in this place.
 C = Inter-level travel time spent in this place.
 D = Time resting spent in this place.
 E = Time spent auto-exploring this place.
 F = Levels seen in this place.
 G = Mean time per level.
                   A        B        C        D        E       F      G
               +--------+--------+--------+--------+--------+-----+--------+
         Total |    822 |    822 |      0 |     95 |    534 |   2 |  411.0 |
       Dungeon |    822 |    822 |      0 |     95 |    534 |   2 |  411.0 |
               +--------+--------+--------+--------+--------+-----+--------+

Top non-repeatable levels by time:
     D:2: 484 daAuts
     D:1: 337 daAuts
